Map: Orbital Shipyard

Players

Dunmer

  • Race: Terran Terran

LiquidSnute (Snute) - Winner!

  • Race: Zerg Zerg
  • League: Grandmaster

VOD

Have the link to the VOD?

Description

In this game I knew Snutes build so I figured I could do some serious damage to him before he got his units out. I felt like I did pretty decent up until my macro slipped a little. Im not sure if a bio or mech followup is good as I feel bio wont have the ability to take a 3rd base against a counter because I need tanks.

Also I think killing the 3rd would have helped a lot as opposed to trading since my banshees can pick off the counter attack. Not really sure on the best approach to this kind of play

Time

  • Played on: Dec. 3, 2015, 8:32 p.m.
  • Length: 9:57
Show
View Real Time Build Order
Export as new Build Order

Dunmer Terran 

Build Orders: Hellion Banshee, Mech 

Get SALT Encoding   

  12  0:01  SCV  
  13  0:13  SCV  
  14  0:17  Supply Depot  
  14  0:25  SCV  
  15  0:39  SCV  
  15  0:41  Barracks  
  16  0:48  Refinery  
  16  0:51  SCV  
  17  1:03  SCV  
  18  1:15  SCV  
  19  1:29  Marine, Orbital Command  
  20  1:47  Marine  
  20  1:50  Command Center  
  21  1:54  SCV  
  23  2:11  Factory  
  23  2:18  SCV, Barracks Reactor  
  23  2:24  Refinery  
  23  2:41  Supply Depot  
  23  2:58  Starport  
  23  3:01  SCV, Orbital Command  
  23  3:04  Hellion x2, Barracks Tech Lab  
  28  3:13  SCV  
  29  3:25  SCV, Hellion x2  
  34  3:28  SCV  
  35  3:37  SCV  
  35  3:41  SCV  
  37  3:42  Banshee, Cloaking Field  
  37  3:47  Supply Depot  
  37  3:48  Hellion  
  42  3:50  SCV  
  42  3:51  Hellion  
  45  4:01  SCV  
  46  4:08  SCV  
  46  4:09  Hellion  
  49  4:13  SCV, Hellion  
  52  4:17  Supply Depot  
  52  4:20  SCV  
  53  4:24  Armory  
  53  4:27  SCV  
  54  4:38  Banshee  
  54  4:39  Hellion  
  54  4:42  Hellion  
  61  4:46  Refinery  
  61  4:47  SCV, Supply Depot  
  62  5:00  Supply Depot  
  62  5:09  SCV x2  
  62  5:10  Command Center  
  64  5:15  Supply Depot  
  64  5:18  Hellion  
  64  5:21  SCV x2  
  68  5:26  Hellion  
  70  5:32  Viking  
  70  5:33  SCV  
  73  5:43  Factory x2  
  61  6:11  Hellion x2, Viking  
  61  6:12  SCV x2  
  61  6:17  Factory  
  61  6:18  Factory  
  57  6:29  Factory Tech Lab  
  57  6:38  Factory Tech Lab  
  57  6:47  Hellion x2  
  57  6:48  SCV x2  
  57  6:49  Orbital Command  
  57  6:57  Refinery  
  57  6:59  Banshee, Siege Tank x2  
  57  7:00  SCV  
  67  7:07  Factory Tech Lab  
  67  7:08  Factory Tech Lab  
  67  7:12  Hellion x2  
  67  7:14  SCV x2  
  73  7:16  Terran Vehicle Weapons Level 1  
  69  7:26  SCV x2  
  64  7:30  Supply Depot  
  64  7:31  Hellion, Siege Tank  
  65  7:46  SCV  
  65  7:49  SCV  
  65  7:57  Orbital Command  
  65  8:04  Siege Tank  
  65  8:05  Hellion x2, Siege Tank, Hellbat x2  
  78  8:15  Refinery, Raven  
  78  8:18  Supply Depot  
  78  8:19  Refinery  
  80  8:23  Engineering Bay  
  80  8:26  Hellion, Siege Tank x2, Hellbat  
  90  8:28  SCV x2  
  90  8:30  SCV  
  93  8:36  Supply Depot  
  93  8:40  SCV x2, Hellion, Hellbat  
  99  8:42  SCV  
  100  8:50  Hellion x2  
  101  8:58  Banshee, Siege Tank, SCV  
  108  9:08  Supply Depot  
  108  9:09  Supply Depot  
  108  9:11  SCV  
  108  9:14  Supply Depot x2  
  109  9:25  SCV, Hellion  
  109  9:26  Hellbat  
  108  9:34  Hellion, Hellbat  
Show
View Real Time Build Order
Export as new Build Order

LiquidSnute Zerg - Winner!

Build Orders: Hatch First 

Get SALT Encoding   

  12  0:00  Drone  
  13  0:12  Overlord  
  13  0:17  Drone  
  14  0:30  Drone x2  
  14  0:34  Drone  
  17  0:51  Hatchery  
  17  0:54  Drone  
  17  0:57  Drone  
  17  0:59  Extractor  
  17  1:14  Spawning Pool  
  17  1:15  Drone  
  17  1:19  Drone  
  18  1:28  Drone  
  19  1:38  Overlord  
  19  2:00  Queen  
  22  2:01  Metabolic Boost, Zergling x4  
  22  2:03  Queen  
  22  2:07  Drone  
  26  2:12  Drone  
  26  2:13  Drone  
  28  2:21  Drone  
  29  2:25  Drone  
  30  2:32  Drone  
  30  2:35  Drone  
  30  2:36  Queen  
  34  2:42  Overlord  
  34  2:47  Drone  
  35  2:53  Drone  
  36  3:01  Drone  
  36  3:04  Drone  
  38  3:08  Drone x4  
  38  3:10  Drone  
  38  3:11  Drone  
  44  3:14  Overlord  
  44  3:26  Hatchery, Drone  
  44  3:28  Drone, Extractor  
  44  3:30  Extractor x2  
  44  3:31  Drone x2  
  44  3:38  Lair  
  44  3:39  Drone  
  44  3:40  Drone x2  
  44  3:41  Drone x2  
  49  3:42  Drone  
  49  3:44  Drone  
  49  3:46  Drone  
  52  3:51  Overlord  
  52  3:57  Evolution Chamber  
  52  3:58  Evolution Chamber  
  50  4:02  Roach Warren  
  50  4:04  Drone x2  
  50  4:06  Drone  
  52  4:10  Spore Crawler  
  52  4:13  Drone  
  52  4:14  Drone  
  52  4:15  Drone  
  52  4:16  Drone  
  55  4:18  Drone  
  55  4:22  Zerg Missile Weapons Level 1  
  56  4:27  Zerg Ground Armor Level 1  
  56  4:29  Overlord  
  56  4:33  Overlord  
  56  4:41  Infestation Pit  
  56  4:42  Roach  
  56  4:43  Roach x2  
  61  4:47  Roach  
  63  4:56  Glial Reconstitution  
  63  4:57  Drone x5  
  63  4:59  Drone  
  69  5:04  Drone x2  
  71  5:08  Overlord  
  71  5:11  Extractor  
  71  5:12  Zergling x2, Extractor  
  71  5:13  Zergling x2  
  71  5:21  Drone x3  
  71  5:22  Drone x2  
  71  5:23  Pathogen Glands  
  71  5:24  Drone  
  71  5:25  Drone  
  78  5:31  Roach x3  
  85  5:37  Ravager x2  
  85  5:38  Roach  
  85  5:39  Overlord  
  86  5:58  Roach x2  
  86  5:59  Roach x5  
  93  6:05  Spore Crawler, Overseer  
  93  6:06  Queen x2  
  93  6:10  Drone  
  93  6:11  Drone x7  
  93  6:17  Drone x2  
  89  6:21  Ravager x2  
  83  6:26  Overlord, Zerg Ground Armor Level 2  
  83  6:32  Drone x2  
  83  6:33  Drone x3  
  83  6:35  Queen  
  85  6:40  Drone  
  85  6:41  Drone  
  85  6:42  Queen  
  89  6:54  Extractor  
  89  6:56  Infestor x2  
  89  6:57  Zerg Missile Weapons Level 2  
  89  6:59  Drone x3  
  89  7:00  Drone  
  96  7:11  Drone x2  
  96  7:15  Overlord  
  98  7:16  Overlord  
  98  7:17  Overlord  
  98  7:20  Overlord  
  98  7:25  Hatchery  
  98  7:26  Overlord  
  98  7:28  Hive  
  93  7:38  Infestor  
  93  7:40  Roach x3  
  99  7:48  Roach x2  
  99  7:55  Extractor  
  99  7:56  Extractor  
  97  8:04  Roach x10  
  117  8:10  Ravager x2  
  117  8:11  Overlord x3, Ravager  
  120  8:14  Queen  
  120  8:18  Pneumatized Carapace  
  122  8:22  Roach x4  
  130  8:35  Spore Crawler  
  130  8:41  Roach x12  
  153  8:50  Roach x4  
  158  8:59  Overlord x3  
  158  9:08  Overlord x2  
  158  9:11  Overlord  
  158  9:14  Ravager x2  
  158  9:15  Overlord  
  160  9:18  Drone  
  160  9:19  Drone x6  
  160  9:23  Ravager x2  
Tags
 
Add a new tag
Caveats
  • Supply blocks, unpowered buildings, or Contaminate may cause inaccurate times.
  • Supply counts are checked every 10 seconds.